 Dungeon Crawl Stone Soup version 0.21-a0-518-g43a1781 (webtiles) character file.

9 theanonym the Skirmisher (level 2, 0/24 HPs)
             Began as a Demonspawn Fighter on Dec 4, 2017.
             Slain by a goblin (3 damage)
             ... on level 1 of the Dungeon.
             The game lasted 00:00:55 (347 turns).

theanonym the Skirmisher (Demonspawn Fighter)        Turns: 347, Time: 00:00:55

Health: 0/24       AC:  6    Str: 16    XL:     2   Next: 3%
Magic:  2/2        EV: 11    Int:  9    God:
Gold:   15         SH:  0    Dex: 12    Spells: 1/1 levels left

rFire    . . .     SeeInvis .   a - +0 war axe
rCold    . . .     Gourm    .   (no shield)
rNeg     . . .     Faith    .   (no armour)
rPois    .         Spirit   .   (no helmet)
rElec    .         Reflect  .   (no cloak)
rCorr    .         Harm     .   (no gloves)
MR       .....                  (no boots)
Stlth    +.........             (no amulet)
HPRegen  0.08/turn              (no ring)
MPRegen  0.08/turn              (no ring)

@: sanguine armour
A: sanguine armour 1
a: no special abilities


Innate Abilities, Weirdness & Mutations

When seriously injured, your bleeding wounds create armour. (AC +6)


   Skills:
 + Level 3.1 Fighting
 * Level 2.3 Axes
 - Level 2.6 Armour
   Level 2.6 Shields


You had one spell level left.
You didn't know any spells.

Skill      XL: |  1 |
---------------+----+-----
Axes           | 2 |  2.3
Fighting       | |  3.1
Armour         | |  2.6
Shields        | |  2.6

Action                   || total
-------------------------++-------
Melee: War axe           ||    34
Armor: Scale mail        ||    16
       Skin              ||    23
Dodge: Dodged            ||    49
Block: Shield            ||    16

Inventory:

Hand Weapons
 a - a +0 war axe (weapon)
Scrolls
 g - a scroll of random uselessness {unknown}
 h - a scroll of identify {unknown}
Potions
 d - a potion of might
Comestibles
 e - a bread ration
 f - 5 chunks of flesh

Dungeon Overview and Level Annotations

Branches:
Dungeon (1/15)

Altars:


You were on level 1 of the Dungeon.
You were not hungry.

You visited 1 branch of the dungeon, and saw 1 of its levels.

You collected 15 gold pieces.


Message History

Your shield and scale mail prevent you from hitting the hobgoblin.
You block the hobgoblin's attack. The hobgoblin hits you.
* * * LOW HITPOINT WARNING * * *
You take 2 damage, and have 8/18 hp.
You completely miss the hobgoblin. The hobgoblin closely misses you.
You slash the hobgoblin!
You kill the hobgoblin!
You have reached level 2!
Your demonic ancestry asserts itself...
You feel your blood ready itself to protect you.
Your blood congeals into armour.
You regained 3 hp, and now have 11/24 hp.
MP restored: 2 Quiver which item? (- for none, * to show all) (? for menu, Esc to quit)
Okay, then.
Unknown command.
Drop what? 8/52 slots (_ for help) (? for menu, Esc to quit)
You start removing your armour.
You continue taking off your +0 shield. x4
You finish taking off your +0 shield.
You drop a +0 shield.
You start removing your armour.
You continue taking off your +0 scale mail {10}. x4
You finish taking off your +0 scale mail {10}.
You drop a +0 scale mail {10}.
You butcher the hobgoblin corpse.
f - 4 chunks of flesh (gained 2)
You butcher the rat corpse.
f - 5 chunks of flesh (gained 1)
You see here a rat skeleton. x2
Things that are here:
a +0 scale mail {10}; a +0 shield
Found a glowing whip.
You regained 2 hp, and now have 14/24 hp.
A goblin comes into view.
The goblin shouts!
Found a robe and a ring mail.
A rat comes into view.
There are monsters nearby!
There are monsters nearby!
There are monsters nearby!
The goblin hits you.
You take 1 damage, and have 14/24 hp.
The goblin closely misses you. The rat bites you.
You take 1 damage, and have 13/24 hp.
The goblin hits you but does no damage. The rat barely misses you.
The goblin closely misses you. The rat barely misses you.
The goblin misses you. The rat completely misses you.
The goblin barely misses you. The rat bites you.
* * * LOW HITPOINT WARNING * * *
The goblin hits you but does no damage. The rat bites you but does no damage.
The goblin barely misses you. The rat barely misses you.
You take 1 damage, and have 12/24 hp.
The goblin closely misses you. The rat barely misses you. The goblin hits you.
* * * LOW HITPOINT WARNING * * *
The rat bites you but does no damage.
You take 4 damage, and have 8/24 hp.
The goblin barely misses you. The rat bites you but does no damage.
The goblin hits you but does no damage. The rat bites you but does no damage.
The goblin barely misses you. The rat bites you but does no damage.
The goblin hits you but does no damage. The rat bites you but does no damage.
The goblin hits you.
* * * LOW HITPOINT WARNING * * *
The rat closely misses you. The goblin hits you but does no damage.
The rat completely misses you. The goblin barely misses you.
The rat barely misses you.
You take 1 damage, and have 7/24 hp.
The goblin barely misses you. The rat bites you but does no damage.
The goblin barely misses you. The rat bites you but does no damage.
The goblin hits you.
* * * LOW HITPOINT WARNING * * *
The rat completely misses you. The goblin hits you but does no damage.
The rat closely misses you. The goblin barely misses you.
The rat barely misses you. The goblin barely misses you. The rat bites you.
* * * LOW HITPOINT WARNING * * *
You take 3 damage, and have 5/24 hp.
The goblin hits you.
* * * LOW HITPOINT WARNING * * *
The rat closely misses you. The goblin hits you but does no damage.
The rat misses you.
You take 1 damage, and have 4/24 hp.
The goblin hits you but does no damage. The rat misses you.
The goblin hits you but does no damage. The rat bites you but does no damage.
The goblin hits you.
* * * LOW HITPOINT WARNING * * *
The rat closely misses you.
You take 1 damage, and have 3/24 hp.
The goblin closely misses you. The rat barely misses you.
The goblin hits you but does no damage. The rat bites you but does no damage.
The goblin closely misses you. The rat closely misses you.
The goblin barely misses you. The rat bites you.
* * * LOW HITPOINT WARNING * * *
The goblin hits you but does no damage. The rat barely misses you.
You take 1 damage, and have 3/24 hp.
The goblin hits you but does no damage. The rat barely misses you.
The goblin closely misses you. The rat closely misses you.
The goblin hits you but does no damage. The rat barely misses you.
The goblin closely misses you. The rat closely misses you. The goblin hits you.
You die...

...⌠...⌠.## #...#.##..##
#... ....###...#
###...##..# #...
#...'<#...# ##..#...#
#### #...###...#
#..#.#.# ...⌠...⌠..#
##...#.#
#........########.###.#
#.................###.#
##...........###....#..
...#####.###.###@)#.##.
##.............rg.......
.#######.######.#....#..
.....###.### #.#.#...#
####.......# [. .##....
#####.#.# #.# .# #...
#.#.# .. .. ..[ ).. ....
.# #. ..##..


You could see a goblin and a rat.

Notes
Turn   | Place    | Note
-------+----------+-------------------------------------------
     0 | D:1      | theanonym the Demonspawn Fighter began the quest for the Orb.
     0 | D:1      | Reached XP level 1. HP: 18/18 MP: 1/1
    73 | D:1      | Reached skill level 2 in Axes
   237 | D:1      | HP: 9/18 [hobgoblin (4)]
   256 | D:1      | HP: 8/18 [hobgoblin (2)]
   258 | D:1      | Gained mutation: When seriously injured, your bleeding wounds create armour. (AC +6) [demonic ancestry]
   258 | D:1      | Reached XP level 2. HP: 11/24 MP: 2/2
   315 | D:1      | HP: 12/24 [rat (2)]
   324 | D:1      | HP: 7/24 [goblin (1)]
   329 | D:1      | HP: 7/24 [goblin (1)]
   337 | D:1      | HP: 3/24 [goblin (1)]
   347 | D:1      | Slain by a goblin

Vanquished Creatures
  A bat (D:1)
  A giant cockroach (D:1)
  A goblin (D:1)
  2 hobgoblins (D:1)
  A frilled lizard (D:1)
  A kobold (D:1)
  A rat (D:1)
8 creatures vanquished.

Table legend:
 A = Turns spent in this place as a percentage of turns spent in the entire game.
 B = Non-inter-level travel turns spent in this place as a percentage of non-inter-level travel turns spent in the entire game.
 C = Inter-level travel turns spent in this place as a percentage of turns spent in this place.
 D = Turns resting spent in this place as a percentage of non-inter-level travel turns spent in this place.
 E = Turns spent auto-exploring this place as a percentage of non-inter-level travel turns spent in this place.
 F = Non-inter-level travel turns spent in this place divided by the number of levels of this place that you've seen.
                   A       B       C       D       E      F
               +-------+-------+-------+-------+-------+----------------------
         Total | 100.0 | 100.0 |   0.0 |   8.6 |  55.6 | 347.0
       Dungeon | 100.0 | 100.0 |   0.0 |   8.6 |  55.6 | 347.0
               +-------+-------+-------+-------+-------+----------------------
